 Dungeon Crawl Stone Soup version 0.18-a0-246-gbfa2ae1 (webtiles) character file.

84 McCoppin the Slasher (level 4, -1/31 HPs)
             Began as an Octopode Fighter on Nov 25, 2015.
             Was a Follower of Jiyva.
             Slain by an orc priest
             ... wielding a +0 short sword
              (7 damage)
             ... on level 4 of the Dungeon.
             The game lasted 00:05:43 (1422 turns).

McCoppin the Slasher (Octopode Fighter)             Turns: 1422, Time: 00:05:43

Health: -1/31      AC:  1    Str: 19    XL:     4   Next: 46%
Magic:  4/4        EV: 10    Int: 11    God:    Jiyva [*.....]
Gold:   90         SH:  9    Dex: 12    Spells: 0 memorised, 3 levels left

rFire  . . .     SeeInvis .     a - +0 long sword
rCold  . . .     Clarity  .     b - +0 shield
rNeg   + . .     SustAt   .     (helmet restricted)
rPois  .         Gourm    .     (no amulet)
rElec  .         Spirit   .     q - ring of positive energy
rCorr  .         Warding  .     (no ring)
rMut   .         Stasis   .     (no ring)
MR     .....                    (no ring)
Stlth  ++........               (no ring)
                                (no ring)
                                (no ring)
                                (no ring)

@: mighty, flying, slowed, very slow, not resistant to hostile enchantments,
unstealthy
A: almost no armour, amphibious, 8 rings, constrict 8, camouflage 1, gelatinous
body 1
a: Request Jelly, Renounce Religion


You were on level 4 of the Dungeon.
You worshipped Jiyva.
Jiyva was aware of your devotion.
You were hungry.

You visited 1 branch of the dungeon, and saw 4 of its levels.

You collected 90 gold pieces.

Inventory:

Hand Weapons
 a - a +0 long sword (weapon)
Missiles
 h - 21 poisoned needles
Armour
 b - a +0 shield (worn)
Jewellery
 q - a ring of positive energy (left tentacle)
Wands
 i - a wand of confusion (24)
Scrolls
 e - a scroll of teleportation
 g - a scroll of immolation {unknown}
 j - a scroll of remove curse
 n - a scroll of fear {unknown}
 p - a scroll of identify {unknown}
Potions
 l - a potion of brilliance {unknown}
 o - a potion of curing {unknown}
Comestibles
 d - 6 bread rations
 f - a slice of pizza


   Skills:
 - Level 3.0 Fighting
 + Level 4.5 Long Blades
 - Level 3.0 Dodging
 - Level 3.0 Shields


You had 3 spell levels left.
You didn't know any spells.

Dungeon Overview and Level Annotations

Branches:
Dungeon (4/15)
 Temple: D:4-7

Altars:
Jiyva


Innate Abilities, Weirdness & Mutations

You cannot wear most types of armour.
You are amphibious.
You can wear up to eight rings at the same time.
You can use your tentacles to constrict eight enemies at once.
Your skin changes colour to match your surroundings (Stealth).
Your rubbery body absorbs attacks (AC +1).


Message History

The orc wizard points at you and mumbles some strange words.
The magic dart hits you! The orc hits you with a mace.
The orc wizard hits you but does no damage.
The orc priest shouts!
Jiyva's power touches on your attributes.
Read which item? (? for menu, Esc to quit)
Okay, then.
Drink which item? (? for menu, Esc to quit)
It was a potion of flight.
You feel very buoyant.
You fly up into the air.
You hear a shout!
The orc hits you with a mace.
* * * LOW HITPOINT WARNING * * *
Drink which item? (? for menu, Esc to quit)
You feel very mighty all of a sudden.
The orc wizard hits you with an enchanted dagger.
* * * LOW HITPOINT WARNING * * *
The orc priest hits you with a short sword!
You die...

##.##..#
#.###.##
####..#
#.#.....
#..#
#.....##
#..#
###...##
#†.#
#.....
#..#
#..###
#..#
#...[.
#.o#######
#.^###
#.@o......
...#
#o###.....
...# #.#
.####
##...
###)##...#
####
#......#
#.###.o..#
#. o##.# #
.# # o#


You could see an orc priest, an orc wizard and an orc.

Vanquished Creatures
  2 adders
  2 giant geckos
  5 orcs
  A ball python (D:2)
  2 bats
  6 giant cockroaches
  4 goblins
  8 hobgoblins
  2 giant newts
  4 kobolds
  3 quokkas
  20 rats
59 creatures vanquished.

Notes
Turn   | Place    | Note
--------------------------------------------------------------
     0 | D:1      | McCoppin the Octopode Fighter began the quest for the Orb.
     0 | D:1      | Reached XP level 1. HP: 16/16 MP: 1/1
   143 | D:1      | Reached XP level 2. HP: 21/21 MP: 2/2
   332 | D:1      | You fall through a shaft!
   556 | D:2      | Reached XP level 3. HP: 22/26 MP: 3/3
  1022 | D:3      | Reached skill level 4 in Long Blades
  1102 | D:3      | Reached XP level 4. HP: 31/31 MP: 4/4
  1221 | D:3      | Found a faded altar to an unknown god.
  1233 | D:3      | Became a worshipper of Jiyva Jytzeogh the Shapeless
  1233 | D:3      | Reached * piety under Jiyva
  1233 | D:3      | Upgraded the game from 0.18-a0-211-gcfb53b4 to 0.18-a0-246-gbfa2ae1
  1422 | D:4      | Slain by an orc priest

Vault maps used:
D:1:      dpeg_arrival_radiant, patterned_corridor
D:2:      minmay_rat_hole
D:3:      ecumenical_altar_2, first_bread
D:4:      nicolae_overflow_hidden_temple, portal_sewer_entry_f, uniq_robin,
          uniq_duvessa

Action                   |  1- 3 |  4- 6 || total
-------------------------+-------+-------++-------
Melee: Long sword        |    73 |    24 ||    97
  Use: Scroll            |       |     2 ||     2
       Potion            |       |     2 ||     2
 Stab: Sleeping          |     7 |     1 ||     8
  Eat: Chunk             |     1 |       ||     1
